 Dungeon Crawl Stone Soup version 0.31-a0-364-gb59cdcccf2 (webtiles) character file.

Game seed: 5452476474642708761

51067 floatRand the Covert (level 14, 104/118 HPs)
             Began as a Grey Draconian Brigand on Dec 27, 2019.
             Was a Follower of Uskayaw.
             Quit the game on level 6 of the Lair of Beasts on July 27, 2023.
             The game lasted 00:37:07 (22104 turns).

floatRand the Covert (Grey Draconian Brigand)      Turns: 22104, Time: 00:37:07

Health: 104/118    AC: 20    Str: 19    XL:     14   Next: 22%
Magic:  30/30      EV: 16    Int: 13    God:    Uskayaw [*.....]
Gold:   701        SH:  6    Dex: 16    Spells: 13/13 levels left

rFire   . . .        M - +8 mace of Indignation {drain, rC+}
rCold   + . .        P - +0 buckler
rNeg    . . .        (body armour unavailable)
rPois   +            (helmet restricted)
rElec   .            b - +0 cloak
rCorr   .            j - +1 pair of gloves
SInv    .            A - +0 pair of boots
Will    +....        (no amulet)
Stlth   ++++++       u - +3 ring of protection
HPRegen 0.39/turn    y - ring "Toci Rie" {rPois MP+9 Str+5}
MPRegen 0.22/turn

%: no passive effects
@: no status effects
A: AC +13, amphibious, unfitting armour, cold-blooded
a: Renounce Religion, Stomp


You were on level 6 of the Lair of Beasts.
You worshipped Uskayaw.
Uskayaw was aware of your devotion.
You visited 3 branches of the dungeon, and saw 18 of its levels.
You also visited: Ossuary.

You collected 1125 gold pieces.
You spent 424 gold pieces at shops.

Inventory:

Hand Weapons
 a - a +2 dagger
 d - a +1 short sword of venom
 h - a +2 dagger of draining
 K - a +1 scimitar of flaming
 M - the +8 mace of Indignation (weapon) {drain, rC+}
   (You took it off a crimson imp on level 11 of the Dungeon)

   rC:        It protects you from cold.
Missiles
 c - 166 poisoned darts (quivered)
 m - a curare-tipped dart
Armour
 b - a +0 cloak (worn)
 j - a +1 pair of gloves (worn)
 A - a +0 pair of boots (worn)
 P - a +0 buckler (worn)
Jewellery
 u - a +3 ring of protection (left hand)
 y - the ring "Toci Rie" (right hand) {rPois MP+9 Str+5}
   (You found it on level 6 of the Dungeon)

   [ring of magical power]

   Str:       It affects your strength (+5).
   rPois:     It protects you from poison.
   MP:        It affects your magic capacity (+9).
 R - a ring of see invisible {unknown}
Wands
 v - a wand of iceblast (7)
 B - a wand of mindburst (12)
 G - a wand of digging (5)
 J - a wand of paralysis (19)
 L - a wand of removedness (5)
 Q - a wand of flame (29)
Scrolls
 g - a scroll of identify
 i - 6 scrolls of enchant weapon
 o - a scroll of blinking
 p - 3 scrolls of enchant armour
 q - 4 scrolls of immolation
 s - 11 scrolls of removedness
 x - 4 scrolls of revelation
 H - a scroll of fog
 S - a scroll of teleportation
 V - 2 scrolls of amnesia
Potions
 e - 5 potions of cancellation
 k - 4 potions of heal wounds
 l - 2 potions of might
 n - 3 potions of curing
 t - 3 potions of attraction
 w - 10 potions of brilliance
 z - a potion of resistance
 C - 2 potions of invisibility
 D - 4 potions of haste
 E - a potion of magic
 F - 3 potions of enlightenment
 I - 2 potions of mutation
 N - a potion of lignification
 O - a potion of berserk rage
 W - a potion of ambrosia
Miscellaneous
 T - a lightning rod (4/4)
Comestibles
 f - 36 removed foods
 r - a removed food


   Skills:
 + Level 9.4 Fighting
 - Level 8.5 Short Blades
 + Level 9.9 Maces & Flails
 - Level 1.7 Throwing
 - Level 8.0 Dodging
 + Level 14.2 Stealth
 + Level 7.6 Shields
 + Level 10.5 Invocations


You had 13 spell levels left.
You didn't know any spells.
Your spell library contained the following spells:

 Spells                   Type           Power      Damage    Failure   Level
 Bolt of Magma            Conj/Fire/Erth 0%         4d4       100%        5
 Iskenderun's Battlesphe  Conj           0%         2d6       100%        5
 Leda's Unmaking          Conj/Erth      0%         9d1       100%        6
 Orb of Destruction       Conj           0%         9d5       100%        7
 Spellforged Servitor     Conj/Summ      0%         N/A       100%        7


Dungeon Overview and Level Annotations

Branches:
Dungeon (11/15)            Temple (1/1) D:6            Lair (6/6) D:11
 Shoals (0/4) Lair:3       Spider (0/4) Lair:4        Slime (0/5) Lair:5
    Orc (0/2) D:11        Ossuary (visited)

Altars:
Ashenzari
Cheibriados
Dithmenos
Fedhas
Gozag
Hepliaklqana
Kikubaaqudgha
Makhleb
Nemelex Xobeh
Qazlal
Ru
Sif Muna
Trog
Uskayaw
Vehumet
Xom
Zin

Shops:
D:10 [   D:11 !

Portals:
Trove: D:11 (show abyssal rune of Zot)

Annotations:
D:2 1 runed translucent door, Crazy Yiuf
D:8 2 transporters, exclusion: obsidian statue
D:11 1 runed translucent door, Thantalas's ghost, journeyman DECj
Lair:3 4 runed translucent doors, exclusion: 2 oklob plants, Duod's ghost, journeyman MiBe; Feuff's ghost, journeyman MiFi; Osyocro's ghost, journeyman MiBe
Lair:6 2 runed translucent doors


Innate Abilities, Weirdness & Mutations

Your dull iron-grey scales are very hard. (AC +13)
You are amphibious.
You cannot fit into any form of body armour.
You are cold-blooded and may be slowed by cold attacks.


Message History

The black mamba is moderately wounded.
The black mamba barely misses you.
You barely miss the black mamba.
The black mamba is moderately wounded.
The black mamba misses you. The black mamba bites you.
You sock the black mamba!
The black mamba is heavily wounded.
The black mamba misses you.
You hit the black mamba.
Your tail-slap misses the black mamba.
The black mamba is severely wounded.
The black mamba closely misses you.
The black mamba bites you but does no damage.
You thump the black mamba!
You kill the black mamba!
Uskayaw will force your foes to helplessly watch your dance.
Uskayaw prepares the audience for your solo!
The helpless lindwurm fails to defend itself.
You sock the lindwurm!
The lindwurm is moderately wounded.
The helpless lindwurm fails to defend itself.
You bludgeon the lindwurm!!
The lindwurm is severely wounded.
Uskayaw will force your foes to share their pain.
The helpless lindwurm fails to defend itself.
You thump the lindwurm! You drain the lindwurm.
You kill the lindwurm!
No target in view!
You can no longer pass through a line of other dancers.
Okay, then.
Saving game... please wait.
Level annotation: 2 runed translucent doors Your Stealth skill increases to level 14!
Welcome back, floatRand the Grey Draconian Brigand.
Uskayaw says: Surrender yourself to the rhythm!
Press ? for a list of commands and other information.
Level annotation: 2 runed translucent doors Welcome back, floatRand the Grey Draconian Brigand.
Uskayaw says: Surrender yourself to the rhythm!
Press ? for a list of commands and other information.
Are you sure you want to abandon this character and quit the game? (Confirm with "yes".)

#....## ##
###...###.
#...#.... #..#.#÷..
##### ## #..#####.
##P..##.######...##
##
#...........#P....#
#
#.................#
#
#....@...........##
#
#................#
#.
#..............<.#
#8#
#...............##
###
#...............#
#...............##
#................##
#............†....#
#.................#


There were no monsters in sight!

Vanquished Creatures
  Kirke (Lair:5)
  Harold (D:9)
  6 hydras
  4 two-headed ogres
  Erica (D:8)
  A centaur warrior (D:11)
  A death yak (Lair:5)
  A tengu warrior (D:11)
  A skeletal warrior (D:11)
  An unseen horror (D:11)
  Pikel (D:7)
  An orc knight (D:11)
  A lindwurm (Lair:6)
  An ugly thing (D:11)
  A deep elf pyromancer (D:11)
  3 cyclopes (D:11)
  3 black mambas
  Joseph (D:10)
  A centaur zombie (D:10)
  Psyche (D:9)
  3 elephants (Lair:6)
  3 torpor snails
  10 cane toads
  6 komodo dragons
  An efreet (D:11)
  2 rime drakes
  A yaktaur (D:11)
  A tengu conjurer (D:11)
  A troll (D:11)
  Grinder (D:5)
  2 hornets
  3 dream sheep
  18 blink frogs
  A snapping turtle (Lair:3)
  9 removed hippogriffs
  A wraith (D:11)
  4 wyverns
  4 hogs
  A steam dragon (Lair:6)
  41 yaks
  6 basilisks
  2 removed hungry ghosts (D:11)
  Edmund (D:4)
  An acid dragon (D:11)
  A hell hound (Lair:6)
  17 water moccasins
  13 removed porcupines
  A removed eye of draining (D:11)
  2 ice beasts
  A phantom (D:4)
  2 sky beasts
  2 removed slaves (D:7)
  2 necrophages
  6 orc warriors
  4 ogres
  4 wolves (Lair:3)
  A wolf (shapeshifter) (D:11)
  5 centaurs
  17 removed crocodiles
  7 kobold brigands
  An elf zombie (Ossuary)
  14 bullfrogs
  5 gnoll sergeants (D:11)
  2 wyvern skeletons
  2 scorpions
  A killer bee (shapeshifter) (D:11)
  3 killer bees (D:8)
  An electric eel (Lair:3)
  6 crimson imps
  2 bullfrog zombies
  4 centaur skeletons
  7 hounds
  2 jellies (Lair:5)
  An orc wizard (D:7)
  4 orc priests
  A human zombie (Ossuary)
  Ijyb (D:3)
  2 iguanas
  16 removed worker ants
  2 kobold brigand zombies (Ossuary)
  A hound zombie (D:6)
  2 mummies (Ossuary)
  3 removed worker ant zombies
  Robin (D:3)
  5 gnolls
  3 adders
  4 shadow imps
  3 endoplasms
  3 adder skeletons
  An adder zombie (D:7)
  A dart slug (D:2)
  31 orcs
  3 removed leopard geckos
  3 bats
  3 giant cockroaches
  10 goblins (D:3)
  11 hobgoblins
  3 jackals (D:2)
  14 kobolds
  5 quokkas
  3 ball pythons (D:4)
  4 frilled lizards
  A goblin zombie (Ossuary)
  10 hobgoblin zombies (Ossuary)
  4 jackal zombies
  8 kobold zombies (Ossuary)
  9 orc zombies (Ossuary)
  A quokka skeleton (D:4)
  10 rats
  2 rat zombies (Ossuary)
479 creatures vanquished.

Vanquished Creatures (others)
  3 dream sheep (Lair:5)
3 creatures vanquished.

Grand Total: 482 creatures vanquished

Notes
Turn   | Place    | Note
-------+----------+-------------------------------------------
     0 | D:1      | floatRand the Draconian Assassin began the quest for the
                  | Orb.
     0 | D:1      | Reached XP level 1. HP: 17/17 MP: 1/1
    81 | D:1      | Reached skill level 1 in Dodging
   143 | D:1      | Reached XP level 2. HP: 25/25 MP: 2/2
   560 | D:2      | Reached skill level 4 in Stealth
   613 | D:2      | Reached XP level 3. HP: 30/30 MP: 3/3
   856 | D:2      | Found a faded altar of an unknown god.
  1011 | D:2      | Found a runed translucent door.
  1012 | D:2      | Noticed Crazy Yiuf
  1063 | D:3      | Noticed Robin
  1096 | D:3      | Killed Robin
  1097 | D:3      | Reached XP level 4. HP: 28/37 MP: 4/4
  1314 | D:3      | Noticed Ijyb
  1335 | D:3      | Killed Ijyb
  1783 | D:3      | Reached XP level 5. HP: 30/45 MP: 5/5
  1937 | D:4      | Reached skill level 5 in Stealth
  1968 | D:4      | Noticed a phantom
  2017 | D:4      | Killed a phantom
  2017 | D:4      | Reached XP level 6. HP: 29/52 MP: 6/6
  2690 | D:4      | Your scales start taking on a dull iron-grey colour.
  2690 | D:4      | Reached XP level 7. HP: 59/59 MP: 7/7
  2690 | D:4      | Gained mutation: You can survive without breathing. [Grey
                  | Draconian growth]
  2872 | D:4      | Reached skill level 6 in Stealth
  2877 | D:4      | Noticed Edmund
  2910 | D:4      | Killed Edmund
  3107 | D:5      | Entered Level 5 of the Dungeon
  3179 | D:5      | Noticed Grinder
  3192 | D:5      | Killed Grinder
  3217 | D:5      | Found a shattered altar of Ashenzari.
  3507 | D:5      | Reached skill level 5 in Fighting
  3507 | D:5      | Reached XP level 8. HP: 68/68 MP: 8/8
  3509 | D:5      | Reached skill level 7 in Stealth
  3680 | D:5      | Found a sparkling altar of Nemelex Xobeh.
  3783 | D:6      | Found a sand-covered staircase.
  3788 | Ossuary  | Entered an ossuary
  4305 | D:6      | Reached skill level 5 in Short Blades
  4536 | D:6      | Reached skill level 8 in Stealth
  4546 | D:6      | Found a staircase to the Ecumenical Temple.
  4567 | Temple   | Entered the Ecumenical Temple
  4600 | Temple   | Became a worshipper of Uskayaw the Reveller
  4706 | D:5      | Reached * piety under Uskayaw
  4965 | D:6      | Reached ** piety under Uskayaw
  4980 | D:6      | Reached *** piety under Uskayaw
  5017 | D:6      | Reached **** piety under Uskayaw
  5025 | D:6      | Reached skill level 1 in Invocations
  5025 | D:6      | Reached ***** piety under Uskayaw
  5029 | D:6      | Reached XP level 9. HP: 72/75 MP: 9/9
  5192 | D:6      | Got a warped bone ring
  5262 | D:6      | Identified the ring "Toci Rie" {rPois MP+9 Str+5} (You
                  | found it on level 6 of the Dungeon)
  5418 | D:7      | Reached skill level 5 in Dodging
  5736 | D:7      | Noticed Pikel
  5738 | D:7      | Reached skill level 9 in Stealth
  5744 | D:7      | Killed Pikel
  6442 | D:8      | Noticed Erica
  6451 | D:8      | Paralysed by Erica for 4 turns
  6460 | D:8      | Paralysed by something for 2 turns
  6472 | D:8      | Paralysed by something for 3 turns
  6482 | D:8      | Paralysed by something for 5 turns
  6490 | D:8      | Killed Erica
  6490 | D:8      | Reached skill level 10 in Stealth
  6490 | D:8      | Reached XP level 10. HP: 51/83 MP: 13/13
  6756 | D:8      | Found a transporter.
  6757 | D:8      | Noticed a death knight
  6760 | D:8      | Noticed an obsidian statue
  6761 | D:8      | Noticed an ogre mage
  6772 | D:8      | Found a transporter.
  6798 | D:8      | Noticed a two-headed ogre
  6843 | D:8      | Killed a two-headed ogre
  7099 | D:9      | Noticed Psyche
  7103 | D:9      | Killed Psyche
  7103 | D:9      | Reached skill level 5 in Invocations
  7231 | D:9      | Noticed Harold
  7262 | D:9      | Killed Harold
  7634 | D:9      | Noticed a two-headed ogre
  7650 | D:9      | Killed a two-headed ogre
  7650 | D:9      | Reached skill level 11 in Stealth
  8253 | D:10     | Entered Level 10 of the Dungeon
  8315 | D:10     | Found Iwajosm's Antique Armour Shop.
  8321 | D:10     | Reached XP level 11. HP: 89/89 MP: 15/15
  8327 | D:10     | Bought a shield for 135 gold pieces
  8703 | D:10     | Noticed Joseph
  8754 | D:10     | Killed Joseph
  8996 | D:11     | Found Azetoile's Distillery.
  9001 | D:11     | Found a runed translucent door.
  9001 | D:11     | Noticed Thantalas's ghost (journeyman DECj)
  9014 | D:11     | Bought a potion of degeneration for 17 gold pieces
  9014 | D:11     | Bought a potion of flight for 51 gold pieces
  9014 | D:11     | Bought a potion of heal wounds for 85 gold pieces
  9014 | D:11     | Bought a potion of invisibility for 136 gold pieces
  9061 | D:11     | Reached skill level 1 in Shields
  9377 | D:11     | Noticed a tengu warrior
  9379 | D:11     | Noticed a deep elf mage
  9402 | D:11     | Killed a tengu warrior
  9428 | D:11     | Noticed a skeletal warrior
  9433 | D:11     | Killed a deep elf mage
  9433 | D:11     | Noticed a centaur warrior
 10213 | D:11     | Identified the +8 mace of Indignation {drain, rC+}
 10338 | D:11     | Reached skill level 12 in Stealth
 10625 | D:11     | Killed a skeletal warrior
 10625 | D:11     | Reached skill level 1 in Maces & Flails
 10644 | D:11     | Killed an unseen horror
 10663 | D:11     | Found a staircase to the Lair.
 10837 | D:11     | Noticed a two-headed ogre
 10851 | D:11     | Killed a two-headed ogre
 10958 | D:11     | Reached XP level 12. HP: 57/95 MP: 17/17
 11272 | D:11     | Found a staircase to the Orcish Mines.
 11706 | D:11     | Found a portal to a secret trove of treasure.
 12441 | D:11     | Killed a centaur warrior
 12441 | D:11     | Reached skill level 5 in Maces & Flails
 12841 | D:11     | Noticed a two-headed ogre
 12845 | D:11     | Killed a two-headed ogre
 13451 | Lair:1   | Entered Level 1 of the Lair of Beasts
 13757 | Lair:1   | Reached ****** piety under Uskayaw
 14501 | Lair:2   | Noticed a four-headed hydra
 14514 | Lair:2   | Killed a four-headed hydra
 14867 | Lair:2   | Reached skill level 5 in Shields
 14870 | Lair:2   | Noticed a seven-headed hydra
 14879 | Lair:2   | Killed a seven-headed hydra
 15233 | Lair:2   | Reached XP level 13. HP: 89/105 MP: 19/19
 15869 | Lair:2   | Reached skill level 13 in Stealth
 16503 | Lair:3   | Found a runed translucent gate.
 16503 | Lair:3   | Found a runed translucent gate.
 16503 | Lair:3   | Found a runed translucent gate.
 16503 | Lair:3   | Noticed Feuff's ghost (journeyman MiFi)
 16504 | Lair:3   | Noticed Osyocro's ghost (journeyman MiBe)
 16504 | Lair:3   | Noticed Duod's ghost (journeyman MiBe)
 16999 | Lair:3   | Found a runed translucent door.
 17101 | Lair:3   | Found a staircase to the Shoals.
 18061 | Lair:4   | Found a hole to the Spider Nest.
 18934 | Lair:5   | Found a staircase to the Slime Pits.
 19009 | Lair:5   | Noticed Kirke
 19049 | Lair:5   | HP: 5/108 [something (3)]
 19875 | Lair:5   | Killed Kirke
 19875 | Lair:5   | Reached skill level 10 in Invocations
 20390 | Lair:6   | Entered Level 6 of the Lair of Beasts
 20503 | Lair:6   | Reached XP level 14. HP: 13/118 MP: 21/21
 21556 | Lair:6   | Found a large runed translucent door.
 21557 | Lair:6   | Found a large runed translucent door.
 22104 | Lair:6   | Reached skill level 14 in Stealth
 22104 | Lair:6   | Upgraded the game from 0.25-a0-322-g3677130cb1 to
                  | 0.31-a0-364-gb59cdcccf2
 22104 | Lair:6   | Quit the game

Illustrated notes

Levels and vault maps discovered:
D:1:      tarquinn_simple_flora_water_b, layout_rooms, serial_bayou_lake_a
D:2:      layout_rooms, chequers_ecumenical_altar_simple_redux, first_ration,
          uniq_crazy_yiuf_cottage
D:3:      layout_rooms, uniq_robin, uniq_ijyb
D:4:      layout_basic, kennysheep_generic_room_14, uniq_edmund
D:5:      layout_basic, marbit_many_paths, cheibrodos_ashenzari_chains,
          uniq_grinder
D:6:      layout_basic, minmay_temple_entry_purple_smoke, enter_ossuary_5
D:7:      kennysheep_spiral_hall, layout_loops_ring, uniq_pikel
D:8:      gammafunk_sealed_arena, layout_basic, grunt_ogre_cave,
          corexii_corridor_pit, uniq_erica
D:9:      layout_basic, minmay_misc_feat_square, uniq_psyche, uniq_harold
D:10:     layout_cave_pools, serial_shops,
          nicolae_shop_temple_entry_statues_fountains, grunt_ministairs_11,
          uniq_joseph
D:11:     minmay_the_grid_octo_triangle [minmay_the_grid_octo_clover,
          minmay_the_grid_octo_prize_single_spiral, minmay_the_grid_octo_teeth],
          layout_loops_ring, minmay_lair_entry_grove,
          kennysheep_orc_monster_closet_entryway, serial_shops,
          nicolae_shop_statue_plus, hellmonk_ghost_happy_afterlife,
          trove_entry_hex_spiral, serial_park_tiny_1, grunt_ministairs_14
Temple:   compressed_dpeg_circular_temple
Lair:1:   layout_cave_pods, serial_bayou_pond_b
Lair:2:   layout_hall_layers, guppyfry_lair_drakes, grunt_megastairs_4,
          serial_bayou_shore_b
Lair:3:   gammafunk_mikee_crab_dinner, layout_gridlike, minmay_shoals_entry_hut,
          gammafunk_ghost_cemetery, minmay_lair_oklob_chamber
Lair:4:   layout_big_grid, spider_nest_entry_web_field, lemuel_fruit_tree,
          grunt_megastairs_1
Lair:5:   layout_loops_ring, nicolae_slime_entry_slimehenge, grunt_megastairs_3,
          infiniplex_staircase_pool, uniq_kirke
Lair:6:   cheibrodos_lair_end_hotspot, layout_hall_layers

Skill      XL: |  1  2  3  4  5  6  7  8  9 10 11 12 13 14 |
---------------+-------------------------------------------+-----
Dodging        | 1 2 3 4 6 7 8 |  8.0
Stealth        | 4 5 6 8 10 11 12 13 14 | 14.2
Fighting       | 3 4 5 7 9 |  9.4
Short Blades   | 3 4 5 6 7 8 |  8.5
Invocations    | 1 4 6 7 8 10 | 10.5
Shields        | 3 5 7 |  7.6
Maces & Flails | 2 8 9 |  9.9
Throwing       | |  1.7

Action                     |  1- 3 |  4- 6 |  7- 9 | 10-12 | 13-15 || total
---------------------------+-------+-------+-------+-------+-------++-------
  Melee: Dagger            |   119 |   153 |   727 |   371 |       ||  1370
         Tailslap          |    15 |    14 |   117 |   165 |    97 ||   408
         Scimitar          |       |       |       |    76 |       ||    76
         Mace              |       |       |       |   432 |   558 ||   990
         Unarmed           |       |       |       |       |    12 ||    12
  Throw: Dart              |       |     2 |       |     6 |       ||     8
  Evoke: Wand              |       |     2 |     3 |     3 |       ||     8
    Use: Potion            |     1 |       |     1 |     6 |     1 ||     9
         Scroll            |       |       |    16 |    10 |     8 ||    34
   Stab: Sleeping          |     3 |     9 |    16 |    25 |    13 ||    66
         Paralysed         |       |       |     9 |    36 |    51 ||    96
         Distracted        |       |       |     1 |     5 |     1 ||     7
         Invisible         |       |       |       |     2 |       ||     2
    Eat: Removed food      |     1 |     5 |     9 |    22 |    19 ||    56
         Removed food      |       |       |     1 |     3 |     1 ||     5
 Armour: Skin              |    34 |    50 |   259 |   260 |   199 ||   802
  Dodge: Dodged            |    76 |    84 |   446 |   562 |   442 ||  1610
  Block: Buckler           |       |       |       |   135 |   145 ||   280
Riposte: Scimitar          |       |       |       |    12 |       ||    12

Table legend: (Time is in decaauts)
 A = Elapsed time spent in this place.
 B = Non-inter-level travel time spent in this place.
 C = Inter-level travel time spent in this place.
 D = Time resting spent in this place.
 E = Time spent auto-exploring this place.
 F = Levels seen in this place.
 G = Mean time per level.
                   A        B        C        D        E       F      G
               +--------+--------+--------+--------+--------+-----+--------+
         Total |  21835 |  21526 |    309 |   7888 |   7135 |  19 | 1149.2 |
       Dungeon |  12687 |  12449 |    238 |   4039 |   4469 |  11 | 1153.4 |
        Temple |     69 |     69 |      0 |      0 |      0 |   1 |   69.0 |
          Lair |   8643 |   8572 |     71 |   3756 |   2584 |   6 | 1440.5 |
       Ossuary |    434 |    434 |      0 |     93 |     82 |   1 |  434.0 |
               +--------+--------+--------+--------+--------+-----+--------+
